 Dungeon Crawl Stone Soup version 0.21-a0-521-g1cd18d1 (webtiles) character file.

52 slep the Chopper (level 3, -7/20 HPs)
             Began as a Vine Stalker Monk on Dec 5, 2017.
             Killed by nerve-wracking pain
             ... invoked by Jessica
              (8 damage)
             ... on level 2 of the Dungeon.
             The game lasted 00:03:33 (867 turns).

slep the Chopper (Vine Stalker Monk)                 Turns: 867, Time: 00:03:33

Health: -7/20      AC:  3    Str: 13    XL:     3   Next: 85%
Magic:  0/4        EV: 13    Int: 10    God:
Gold:   44         SH:  2    Dex: 17    Spells: 2/2 levels left

rFire    . . .     SeeInvis .   a - +0 hand axe
rCold    . . .     Gourm    .   (no shield)
rNeg     . . .     Faith    .   b - +0 robe
rPois    .         Spirit   +   (no helmet)
rElec    .         Reflect  +   (no cloak)
rCorr    .         Harm     .   d - +0 pair of gloves
MR       .....                  (no boots)
Stlth    ++........             i - +2 amulet of reflection
HPRegen  0.06/turn              (no ring)
MPRegen  0.09/turn              (no ring)

@: no status effects
A: fangs 2, magic shield, antimagic bite, no potion heal 3, rot immunity
a: no special abilities


You were on level 2 of the Dungeon.
You were not hungry.

You visited 1 branch of the dungeon, and saw 2 of its levels.

You collected 44 gold pieces.

Inventory:

Hand Weapons
 a - a +0 hand axe (weapon)
 g - a +2 mace of holy wrath
Armour
 b - a +0 robe (worn)
 d - a +0 pair of gloves (worn)
Jewellery
 i - a +2 amulet of reflection (around neck)
Scrolls
 j - a scroll of enchant weapon {unknown}
 k - a scroll of amnesia {unknown}
Potions
 e - a potion of brilliance {unknown}
 h - a potion of heal wounds
 l - 2 potions of degeneration {unknown}
Comestibles
 c - a bread ration
 f - a royal jelly


   Skills:
 + Level 3.0 Fighting
 + Level 3.3 Axes
 + Level 2.9 Dodging
 + Level 3.0 Stealth


You had 2 spell levels left.
You didn't know any spells.

Dungeon Overview and Level Annotations

Branches:
Dungeon (2/15)

Altars:
Qazlal
The Shining One

Annotations:
D:2 Jessica


Innate Abilities, Weirdness & Mutations

You have extremely sharp teeth.
When hurt, damage is shared between your health and your magic reserves.
Your bite disrupts and absorbs the magic of your enemies.
Potions cannot restore your health.
You are immune to rotting.


Message History

The hobgoblin is heavily wounded.
The hobgoblin hits you.
You hit the hobgoblin.
You kill the hobgoblin!
You closely miss Jessica. Jessica hits you with a club.
* * * LOW HITPOINT WARNING * * *
You hit Jessica. Your bite misses Jessica.
Jessica is moderately wounded.
Jessica grins evilly.
Jessica misses you.
You closely miss Jessica. Your bite misses Jessica.
Jessica is moderately wounded.
Jessica hits you with a club.
* * * LOW HITPOINT WARNING * * *
Jessica closely misses you.
You hit Jessica.
Jessica is severely wounded.
Jessica points at you and mumbles some strange words.
Pain shoots through your body!
You die...

.......#...........
.........#........... .
... #..............#
..###..###.......#..<..#
.........#.......#......
.........####....#......
......>..+.......####...
......†..####....# ..
......@@.##.#....#
.........##......#
............######
...................
.........##########
..(......# .........#
.........# ........#


You could see Jessica.

Vanquished Creatures
  An adder (D:2)
  A dart slug (D:1)
  2 leopard geckos (D:2)
  2 giant cockroaches (D:1)
  4 goblins
  6 hobgoblins
  5 jackals (D:2)
  6 bats
  A frilled lizard (D:2)
  3 kobolds
  5 rats
36 creatures vanquished.

Notes
Turn   | Place    | Note
-------+----------+-------------------------------------------
     0 | D:1      | slep the Vine Stalker Monk began the quest for the Orb.
     0 | D:1      | Reached XP level 1. HP: 11/11 MP: 2/2
    85 | D:1      | Reached XP level 2. HP: 12/16 MP: 3/3
   682 | D:2      | Reached XP level 3. HP: 18/19 MP: 4/4
   767 | D:2      | Found a glowing golden altar of the Shining One.
   767 | D:2      | Found a stormy altar of Qazlal.
   859 | D:2      | Noticed Jessica
   866 | D:2      | HP: 1/20 [Jessica/club (2)]
   867 | D:2      | Killed from afar by Jessica

Vault maps used:
D:1:      minmay_arrival_glassed_features
D:2:      gammafunk_temple_overflow_wave, old_standard_altar,
          minmay_small_reverse_x, uniq_jessica

Skill      XL: |  1  2  3 |
---------------+----------+-----
Axes           | 3 |  3.3
Fighting       | 3 |  3.0
Stealth        | 3 |  3.0
Dodging        | |  2.9

Action                   || total
-------------------------++-------
Melee: Hand axe          ||    92
       Bite              ||    21
 Stab: Sleeping          ||     6
Armor: Robe              ||    20
Dodge: Dodged            ||    71
Block: Other             ||     7

Table legend:
 A = Spawn XP
 B = Non-spawn XP
 C = Spawn XP percentage of total XP
 D = Spawn monster count
 E = Non-spawn monster count
 F = Spawn count percentage of total count
 G = Total turns spent on level
                    A         B        C        D         E        F      G
               +---------+---------+-------+---------+---------+-------+---------
         Total |       0 |      75 |   0.0 |       0 |      36 |   0.0 |   867
               +---------+---------+-------+---------+---------+-------+---------
           D:1 |       0 |      32 |   0.0 |       0 |      19 |   0.0 |   648
           D:2 |       0 |      43 |   0.0 |       0 |      17 |   0.0 |   219
               +---------+---------+-------+---------+---------+-------+---------
